 Dungeon Crawl Stone Soup version 0.19-a0-1170-g18f0c96 (webtiles) character file.

2567 jacquesderrida the Carver (level 9, -2/81 HPs)
             Began as a Minotaur Warper on Aug 17, 2016.
             Was a Priest of Makhleb.
             Slain by an orc warrior
             ... wielding a +0 glaive
              (15 damage)
             ... on level 8 of the Dungeon.
             The game lasted 00:18:33 (1994 turns).

jacquesderrida the Carver (Minotaur Warper)         Turns: 1994, Time: 00:18:34

Health: -2/81      AC:  5    Str: 16    XL:     9   Next: 31%
Magic:  11/11      EV: 15    Int: 10    God:    Makhleb [***...]
Gold:   201        SH:  0    Dex: 16    Spells: 2 memorised, 7 levels left

rFire  + . .     SeeInvis .     x - +2 rapier (venom)
rCold  . . .     Gourm    +     E - +2 leather armour {rF+}
rNeg   . . .     Faith    .     (no shield)
rPois  .         Spirit   .     (helmet restricted)
rElec  .         Dismiss  .     (no cloak)
rCorr  +         Reflect  .     (no gloves)
MR     .....     Harm     .     (no boots)
Stlth  +.........               y - amulet of the gourmand
                                A - ring of resist corrosion
                                J - +3 ring of dexterity

@: very slightly contaminated
A: retaliatory headbutt, horns 2
a: Minor Destruction, Lesser Servant of Makhleb, Renounce Religion


You were on level 8 of the Dungeon.
You worshipped Makhleb.
Makhleb was most pleased with you.
You were full.

You visited 1 branch of the dungeon, and saw 8 of its levels.
You also visited: Sewer.

You collected 201 gold pieces.

Inventory:

Hand Weapons
 a - a +0 falchion
 x - a +2 rapier of venom (weapon)
Missiles
 e - 5 tomahawks of dispersal (quivered)
 l - a throwing net
 m - 9 tomahawks
Armour
 b - a +0 leather armour
 k - a +0 ring mail
 B - a +0 crystal plate armour
 E - a +2 leather armour of fire resistance (worn)
Jewellery
 o - a +2 ring of strength
 y - an amulet of the gourmand (around neck)
 A - a ring of resist corrosion (right hand)
 J - a +3 ring of dexterity (left hand)
Wands
 g - a wand of heal wounds (4/9)
 C - a wand of slowing (12/48)
 F - a wand of iceblast (7/15)
Scrolls
 h - a scroll of enchant weapon {unknown}
 p - a scroll of teleportation
 q - 3 scrolls of amnesia
 w - 2 scrolls of fog
Potions
 i - 3 potions of magic
 n - a potion of degeneration {unknown}
 r - 2 potions of heal wounds {unknown}
 s - 2 potions of might {unknown}
 t - a potion of haste
 D - a potion of berserk rage
 I - a potion of curing
Books
 c - a book of Spatial Translocations

   Spells                             Type                      Level
   a - Apportation                    Translocation                1
   b - Blink                          Translocation                2
   c - Shroud of Golubria             Charms/Translocation         2
   d - Portal Projectile              Translocation                3
   e - Teleport Other                 Translocation                3
   f - Passage of Golubria            Translocation                4
 j - a book of Cantrips

   Spells                             Type                      Level
   a - Confusing Touch                Hexes                        1
   b - Animate Skeleton               Necromancy                   1
   c - Summon Small Mammal            Summoning                    1
   d - Apportation                    Translocation                1
Comestibles
 f - 3 bread rations
 z - a meat ration
 K - 3 chunks of flesh


   Skills:
 + Level 7.9 Fighting
 * Level 10.7 Long Blades
 - Level 1.0 Throwing
 - Level 1.2 Armour
 + Level 5.5 Dodging
 - Level 1.3 Spellcasting
 - Level 2.1 Translocations
 + Level 4.4 Invocations


You had 7 spell levels left.
You knew the following spells:

 Your Spells              Type           Power        Failure   Level  Hunger
a - Apportation           Tloc           #.........   17%         1    ##.....
b - Blink                 Tloc           N/A          24%         2    ###....


Dungeon Overview and Level Annotations

Branches:
Dungeon (8/15)
 Temple: D:4-7         Lair: D:8-11

Altars:
Ashenzari
Cheibriados
Elyvilon
Kikubaaqudgha
Makhleb
Okawaru
Ru
Xom

Shops:
D:8 [

Annotations:
D:5 HaroldButt's ghost, amateur DEFE


Innate Abilities, Weirdness & Mutations

You reflexively headbutt those who attack you in melee.
You have a pair of horns on your head.


Message History

The cyclops throws a large rock.
The large rock misses you.
You see here a large rock.
Okay, then.
Blink to where?
Press: ? - help, Dir - move target cursor You are very lightly contaminated with residual magic.
As you read the scroll of blinking, it crumbles to dust. 3 orcs come into view.
The orc shouts! x2
As you read the scroll labeled XIOHIM WIACOGH, it crumbles to dust.
You feel strangely unstable.
It was a scroll of teleportation.
The orc shouts!
An orc comes into view.
Unknown command.
The orc completely misses you. 2 orcs come into view.
Your surroundings suddenly seem different.
The orc warrior shouts!
The orc warrior hits you from afar with a glaive!
You die...

..#,,,*,,>,,,,,,*,,,***,*,******
..#,,,,,,.......*...# *,*,*
..#,,,,,,.......*...##*,*,*
..#,,,,,,...Y$..*....,,,*,*
+##.,,,,,.......*...***#***
....,,,,,.......*..,,..,,,*
....,,,,,,,.....*.##.###*,******
....,,,,,,,,*#..#.......,,,,,,,*
....,,,,,,,,*#o.@....#***,****,*
.#..,,,,,,,,*#.....#.#,,,,,,,*,**
.#..,,,,,,,,+......#,*,**,,,**,*,
,#,,,,,,,,,,#......#,*,,,,,,**,*,
,*,,,,,,,,,,#.#.#..#,*,,*,,,**,*,
.****+***,**#.#.*..#,*,,*,,,**,*,
..,,,,* *,,,.,#.*..#,*,,*,,,,*,*,
.#***** ***##,#.*..#,****,,,,*,*,
,#******** *,*,*,,*,,,,,,,,,*,*,


You could see an orc warrior and an ice beast.

Vanquished Creatures
  Pikel (D:7)
  Joseph (D:7)
  2 black bears
  A slave (D:7)
  2 phantoms
  An ogre (D:6)
  2 ice beasts
  A centaur (D:5)
  3 giant frogs
  A water moccasin zombie (D:6)
  A scorpion (D:4)
  A killer bee (D:8)
  A howler monkey (D:6)
  A giant frog zombie (D:6)
  2 jellies (D:8)
  An orc wizard (D:7)
  3 hounds
  An orc priest (D:7)
  3 centaur skeletons
  An iguana (D:7)
  3 worker ants
  A killer bee zombie (D:6)
  6 adders
  4 river rats (Sewer)
  An ooze (Sewer)
  2 dart slugs (D:2)
  5 giant geckos
  14 orcs
  3 giant cockroaches (D:6)
  3 hobgoblins (D:2)
  5 kobolds (D:2)
  4 quokkas
  12 ball pythons (Sewer)
  3 bats (D:2)
  4 giant newts
  A goblin (D:2)
  24 rats
125 creatures vanquished.

Vanquished Creatures (collateral kills)
  Eustachio (D:6)
  A giant frog (Sewer)
  An iguana (D:6)
  An adder (Sewer)
  2 oozes (Sewer)
  2 ball pythons (Sewer)
8 creatures vanquished.

Vanquished Creatures (others)
  2 slaves (D:7)
  An ogre (D:7)
  An orc (D:7)
4 creatures vanquished.

Grand Total: 137 creatures vanquished

Notes
Turn   | Place    | Note
-------+----------+-------------------------------------------
     0 | D:1      | jacquesderrida the Minotaur Warper began the quest for the Orb.
     0 | D:1      | Reached XP level 1. HP: 18/18 MP: 1/1
    38 | D:2      | Found a sacrificial altar of Ru.
    51 | D:2      | Found a faded altar of an unknown god.
    60 | D:2      | Reached skill level 3 in Long Blades
    66 | D:2      | Reached XP level 2. HP: 17/25 MP: 3/3
   111 | D:2      | Became a worshipper of Makhleb the Destroyer
   111 | D:2      | Reached * piety under Makhleb
   167 | D:2      | Found a shattered altar of Ashenzari.
   196 | D:3      | Reached skill level 4 in Long Blades
   290 | D:3      | Reached XP level 3. HP: 25/30 MP: 4/4
   317 | D:3      | Found an ancient bone altar of Kikubaaqudgha.
   387 | D:4      | Reached skill level 5 in Long Blades
   387 | D:4      | Reached XP level 4. HP: 32/37 MP: 5/5
   455 | D:4      | Reached skill level 6 in Long Blades
   455 | D:4      | Reached XP level 5. HP: 28/45 MP: 6/6
   460 | D:4      | Found a snail-covered altar of Cheibriados.
   475 | D:5      | Entered Level 5 of the Dungeon
   475 | D:5      | Found a white marble altar of Elyvilon.
   475 | D:5      | Noticed a centaur
   494 | D:5      | Killed a centaur
   504 | D:5      | Noticed HaroldButt's ghost (amateur DEFE)
   515 | D:4      | NOPE
   548 | D:5      | Found an iron altar of Okawaru.
   552 | D:5      | Reached XP level 6. HP: 32/53 MP: 7/7
   555 | D:5      | Noticed an ice beast
   572 | D:5      | Killed an ice beast
   572 | D:5      | Reached skill level 5 in Fighting
   572 | D:5      | Reached skill level 7 in Long Blades
   623 | D:6      | Reached ** piety under Makhleb
   630 | D:6      | Found a glowing drain.
   648 | Sewer    | Entered a sewer
   880 | Sewer    | Learned a level 2 spell: Blink
   897 | Sewer    | Reached *** piety under Makhleb
   897 | Sewer    | Reached XP level 7. HP: 57/61 MP: 8/8
  1029 | D:6      | Noticed Eustachio
  1057 | D:6      | Killed Eustachio
  1057 | D:6      | Reached skill level 8 in Long Blades
  1057 | D:6      | Reached skill level 1 in Invocations
  1277 | D:6      | Reached XP level 8. HP: 45/71 MP: 9/9
  1346 | D:6      | Reached skill level 9 in Long Blades
  1507 | D:7      | Noticed Pikel
  1534 | D:7      | Killed Pikel
  1534 | D:7      | Reached skill level 10 in Long Blades
  1534 | D:7      | Reached skill level 5 in Dodging
  1559 | D:7      | Found a shimmering altar of Xom.
  1602 | D:7      | Noticed Joseph
  1602 | D:7      | Reached XP level 9. HP: 58/79 MP: 10/10
  1632 | D:7      | Killed Joseph
  1790 | D:8      | Found Plog's Antique Armour Boutique.
  1830 | D:8      | Noticed a moth of wrath
  1946 | D:8      | Noticed a cyclops
  1947 | D:8      | HP: 4/81 [cyclops/large rock (33)]
  1954 | D:8      | HP: 4/81 [poisoned by a killer bee]
  1994 | D:8      | Slain by an orc warrior

Vault maps used:
D:1:      lemuel_arrival_river_ford, minmay_pentomino_r4
D:2:      overflow_temple_1_default, ashenzari_altar_1, grunt_qazlal_sundering,
          lemuel_crystal_altar, ecumenical_altar_2, serial_glass,
          glass_columns_a, glass_columns_a, item_on_display_a,
          due_unseen_surprise, feat_on_display
D:3:      lemuel_round_altar, serial_glass, glass_columns_c, glass_columns_a,
          minmay_goblin_kobold_house
D:4:      tgw_sif, lemuel_doored_altar, minmay_stone_trees_small
D:5:      overflow_temple_1_default, first_bread, st_stairs_4,
          minmay_fountain_box, okawaru_ov_weapons_minmay
D:6:      portal_sewer_entry_f, uniq_eustachio
D:7:      old_standard_altar, lemuel_crystal_altar, grunt_livestock,
          roderic_roman_lattice, uniq_pikel, uniq_joseph
D:8:      minmay_bloctagon, tgw_trog, serial_shops, shop, uniq_psyche
Sewer:    sewer_minmay_w

Skill      XL: |  1  2  3  4  5  6  7  8  9 |
---------------+----------------------------+-----
Long Blades    | 3 4 5 6 7 8 10 | 10.7
Fighting       | 3 4 5 6 7 |  7.9
Invocations    | 2 3 4 |  4.4
Dodging        | 3 5 |  5.5
Throwing       | |  1.0
Armour         | |  1.2
Spellcasting   | |  1.3
Translocations | |  2.1

Action                   |  1- 3 |  4- 6 |  7- 9 || total
-------------------------+-------+-------+-------++-------
Melee: Falchion          |    69 |   189 |    63 ||   321
       Headbutt          |     8 |    27 |    36 ||    71
       Rapier            |       |       |   121 ||   121
Invok: Lesser Servant of |       |       |     2 ||     2
Evoke: Wand              |       |       |     1 ||     1
  Use: Potion            |       |     2 |     4 ||     6
       Scroll            |       |     1 |    13 ||    14
  Eat: Chunk             |       |     1 |     9 ||    10
Armor: Leather armour    |    11 |       |    19 ||    30
       Ring mail         |    12 |    62 |    22 ||    96
Dodge: Dodged            |    47 |   109 |   116 ||   272
